 Dungeon Crawl Stone Soup version 0.29-a0-993-g4a18f31a58 (webtiles) character file.

Game seed: 5776717389765506402

46 vurker the Trooper (level 3, 0/24 HPs)
             Began as a Gargoyle Monk on Aug 2, 2022.
             Slain by an iguana (9 damage)
             ... on level 2 of the Dungeon.
             The game lasted 00:01:08 (1633 turns).

vurker the Trooper (Gargoyle Monk)                  Turns: 1633, Time: 00:01:08

Health: 0/24       AC:  8    Str: 16    XL:     3   Next: 66%
Magic:  3/3        EV: 11    Int: 10    God:
Gold:   72         SH:  0    Dex: 12    Spells: 2/2 levels left

rFire   . . .      SeeInvis .   a - +0 hand axe
rCold   . . .      Faith    .   (no shield)
rNeg    + . .      Spirit   .   g - +0 ring mail
rPois   ∞          Reflect  .   (no helmet)
rElec   +          Harm     .   (no cloak)
rCorr   .          Rampage  .   (no gloves)
Will    .....                   (no boots)
Stlth   +.........              (no amulet)
HPRegen 0.08/turn               (no ring)
MPRegen 0.08/turn               (no ring)

@: no status effects
A: sickness immunity, AC +3, negative energy resistance 1, electricity
resistance, torment resistance 1, petrification resistance
a: no special abilities


You were on level 2 of the Dungeon.
You visited 1 branch of the dungeon, and saw 2 of its levels.

You collected 72 gold pieces.

Inventory:

Hand Weapons
 a - a +0 hand axe (weapon)
Armour
 g - a +0 ring mail (worn)
   (You found it on level 1 of the Dungeon)
Scrolls
 d - a scroll of teleportation {unknown}
 f - a scroll of poison {unknown}
 h - 2 scrolls of fog {unknown}
 i - a scroll of fear {unknown}
 j - a scroll of immolation {unknown}
 k - a scroll of brand weapon {unknown}
Potions
 b - 2 potions of curing {unknown}
 c - a potion of ambrosia
 e - 2 potions of brilliance {unknown}


   Skills:
 + Level 3.9 Fighting
 * Level 3.7 Axes
 - Level 2.4 Dodging
 - Level 2.1 Stealth


You had 2 spell levels left.
You didn't know any spells.
Your spell library was empty.

Dungeon Overview and Level Annotations

Branches:
Dungeon (2/15)

Altars:


Innate Abilities, Weirdness & Mutations

You are immune to sickness and miasma.
Your stone body is resilient. (AC +3)
You are immune to poison.
You resist negative energy. (rN+)
You are resistant to electric shocks. (rElec)
You are resistant to unholy torment.
You are immune to petrification.


Message History

You barely miss the kobold. The kobold barely misses you.
The kobold hits you but does no damage.
You hit the kobold.
You kill the kobold!
No target in view!
No target in view!
No target in view!
No target in view!
No target in view!
No target in view!
Things that are here:
a +0 short sword; a stone
Found 4 stones.
Found a scroll labelled WUIFI ONAO.
Found a stone staircase leading down.
k - a scroll labelled WUIFI ONAO A rat comes into view.
A rat is nearby!
A rat is nearby!
A rat is nearby!
Found a scroll labelled WYMIDA JYMITAR.
The rat bites you.
You barely miss the rat. The rat misses you.
You barely miss the rat. The rat bites you but does no damage.
You barely miss the rat. The rat closely misses you.
You hit the rat.
You kill the rat!
No target in view!
No target in view!
No target in view!
No target in view!
No target in view!
No target in view!
There is a stone staircase leading down here.
An iguana comes into view.
Found a robe.
The iguana hisses angrily.
An iguana is nearby!
An iguana is nearby!
An iguana is nearby!
You see here a scroll labelled WYMIDA JYMITAR.
The iguana bites you!
You completely miss the iguana. The iguana closely misses you.
You hit the iguana. The iguana misses you.
You barely miss the iguana.
The iguana bites you but does no damage.
You hit the iguana. The iguana bites you.
* * * LOW HITPOINT WARNING * * *
The iguana bites you!
You die...

##.#.# #.# ##.#.#
#.# .....# ##.#
##.### #..# ##.#
#.## ##.# #######.#
##.#
#.......###########
##.#
#.#####>.......[...
...# #...?@l.# ####
#######.# # ### ..#
#.# #.# #.# #.#


You could see an iguana.

Vanquished Creatures
  An adder (D:2)
  4 ball pythons
  3 endoplasms (D:1)
  A giant cockroach (D:1)
  6 goblins
  3 hobgoblins (D:1)
  A quokka (D:2)
  A bat (D:1)
  4 frilled lizards (D:1)
  4 kobolds
  7 rats
35 creatures vanquished.

Notes
Turn   | Place    | Note
-------+----------+-------------------------------------------
     0 | D:1      | vurker the Gargoyle Monk began the quest for the Orb.
     0 | D:1      | Reached XP level 1. HP: 14/14 MP: 1/1
   231 | D:1      | Reached XP level 2. HP: 16/19 MP: 2/2
   695 | D:1      | Reached XP level 3. HP: 13/24 MP: 3/3
   897 | D:1      | Found a faded altar of an unknown god.
  1633 | D:2      | Slain by an iguana

Illustrated notes

Levels and vault maps discovered:
D:1:      dpeg_arrival_three_same_balls, layout_loops_ring,
          basic_ecumenical_altar, minmay_misc_feat_tower
D:2:      layout_loops_ring, serial_shops, shop

Skill      XL: |  1 |
---------------+----+-----
Axes           | 3 |  3.7
Fighting       | |  3.9
Dodging        | |  2.4
Stealth        | |  2.1

Action                   || total
-------------------------++-------
Melee: Hand axe          ||   119
 Stab: Sleeping          ||     1
Armor: Ring mail         ||    37
Dodge: Dodged            ||    77

Table legend: (Time is in decaauts)
 A = Elapsed time spent in this place.
 B = Non-inter-level travel time spent in this place.
 C = Inter-level travel time spent in this place.
 D = Time resting spent in this place.
 E = Time spent auto-exploring this place.
 F = Levels seen in this place.
 G = Mean time per level.
                   A        B        C        D        E       F      G
               +--------+--------+--------+--------+--------+-----+--------+
         Total |   1649 |   1635 |     14 |      0 |   1342 |   2 |  824.5 |
       Dungeon |   1649 |   1635 |     14 |      0 |   1342 |   2 |  824.5 |
               +--------+--------+--------+--------+--------+-----+--------+

Top non-repeatable levels by time:
     D:1: 1296 daAuts
     D:2: 352 daAuts
